 Dungeon Crawl Stone Soup version 0.20-a0-1000-g0e8f6bb (webtiles) character file.

298 Patate the Covert (level 6, 0/28 HPs)
             Began as a Spriggan Enchanter on Apr 12, 2017.
             Was an Initiate of Okawaru.
             Succumbed to a scorpion's poison
             ... on level 4 of the Dungeon.
             The game lasted 00:14:03 (4534 turns).

Patate the Covert (Spriggan Enchanter)              Turns: 4534, Time: 00:14:03

Health: 0/28       AC:  2    Str: 11    XL:     6   Next: 13%
Magic:  7/20       EV: 21    Int: 22    God:    Okawaru [......]
Gold:   82         SH:  0    Dex: 16    Spells: 20/25 levels left

rFire    . . .     SeeInvis +   g - +1 dagger (protect)
rCold    . . .     Gourm    .   (shield restricted)
rNeg     . . .     Faith    .   b - +0 robe
rPois    .         Spirit   .   (helmet restricted)
rElec    .         Reflect  .   (no cloak)
rCorr    .         Harm     .   (gloves unavailable)
MR       +....                  (boots unavailable)
Stlth    ++++++....             (no amulet)
Regen    0.1/turn               (no ring)
MPRegen  0.2/turn               (no ring)

@: mighty, brilliant, lethally poisoned (0 -> -14), very slightly contaminated,
very quick
A: unfitting armour, see invisible, herbivore 3, speed 3, slow metabolism 2
a: Renounce Religion


You were on level 4 of the Dungeon.
You worshipped Okawaru.
Okawaru was noncommittal.
You were not hungry.

You visited 1 branch of the dungeon, and saw 4 of its levels.

You collected 82 gold pieces.

Inventory:

Hand Weapons
 g - a +1 dagger of protection (weapon)
Armour
 b - a +0 robe (worn)
Jewellery
 o - a cursed ring of loudness {unknown}
Wands
 d - a wand of lightning (9/15)
 i - a wand of acid (8/15)
Scrolls
 e - a scroll of enchant armour {unknown}
 f - 5 scrolls of identify
 j - 3 scrolls of magic mapping {unknown}
 k - a scroll of immolation {unknown}
 l - 3 scrolls of remove curse {unknown}
 n - a scroll of fear {unknown}
Potions
 a - 2 potions of haste
 h - a potion of lignification
 r - a potion of heal wounds {unknown}
 s - a potion of brilliance
Books
 c - a book of Maledictions

   Spells                             Type                      Level
   a - Corona                         Hexes                        1
   b - Ensorcelled Hibernation        Hexes/Ice                    2
   c - Confuse                        Hexes                        3
   d - Tukima's Dance                 Hexes                        3
   e - Dazzling Spray                 Conjuration/Hexes            3
Comestibles
 m - 3 bread rations


   Skills:
 - Level 1.1 Short Blades
 - Level 5.3 Dodging
 - Level 14.4 Stealth
 + Level 10.4 Spellcasting
 - Level 3.6 Hexes


You had 20 spell levels left.
You knew the following spells:

 Your Spells              Type           Power        Failure   Level  Hunger
b - Ensorcelled Hibernat  Hex/Ice        ####..       1%          2    None
c - Confuse               Hex            #####...     1%          3    None


Dungeon Overview and Level Annotations

Branches:
Dungeon (4/15)
 Temple: D:4-7

Altars:
Cheibriados
Okawaru
Vehumet
Wu Jian
Yredelemnul


Innate Abilities, Weirdness & Mutations

You are very small and have problems with some larger weapons.
You are too small for most types of armour.
You have supernaturally acute eyesight. (SInv)
You are a herbivore.
You cover ground extremely quickly.
You need consume almost no food.


Message History

* * * LOW HITPOINT WARNING * * *
You feel sick.
It was a potion of brilliance.
You feel clever all of a sudden.
* * * LOW HITPOINT WARNING * * *
You feel sick.
It was a potion of experience.
You feel more experienced!
Your Stealth skill gained 7 levels and is now at level 14!
Your Spellcasting skill gained 8 levels and is now at level 10!
You have reached level 6!
Your experience leads to an increase in your attributes!
Your base attributes are Str 5, Int 17, Dex 16.
Increase (S)trength, (I)ntelligence, or (D)exterity?
You feel stronger.
* * * LOW HITPOINT WARNING * * *
You feel sick.
It was a potion of might.
You feel very mighty all of a sudden.
You die...

## ####### #)# .....#
#.#.###### ####..###.#
#.....# # #.....s@.##
##....#
#.##.##..###.###.....#
#........###..#.##.#.######
##.....####.....##.........
#.###.# ##...#####.#####. #
#.# ##..#####.# ###. #.#
#........# #... ..#
#.######## #.#. ### ##+##
#.#.


You could see a scorpion.

Vanquished Creatures
  The ghost of valenzione the Covered, a weakling GrFi (D:3)
  3 adders
  2 worms (D:3)
  2 dart slugs
  3 leopard geckos (D:3)
  7 orcs (D:3)
  A ball python (D:2)
  A giant cockroach (D:1)
  2 gnoll zombies (D:3)
  9 goblins
  4 hobgoblins
  6 jackals (D:3)
  13 kobolds
  A quokka (D:2)
  4 bats
  5 frilled lizards
  A jackal skeleton (D:3)
  6 rats
71 creatures vanquished.

Notes
Turn   | Place    | Note
-------+----------+-------------------------------------------
     0 | D:1      | Patate the Spriggan Enchanter began the quest for the Orb.
     0 | D:1      | Reached XP level 1. HP: 9/9 MP: 5/5
   545 | D:1      | Reached skill level 5 in Stealth
   583 | D:1      | Reached XP level 2. HP: 10/13 MP: 6/6
   813 | D:1      | Learned a level 2 spell: Ensorcelled Hibernation
  1902 | D:1      | Reached XP level 3. HP: 16/16 MP: 5/8
  2244 | D:2      | Found an iron altar of Okawaru.
  2280 | D:2      | Became a worshipper of Warmaster Okawaru
  2447 | D:2      | Reached skill level 6 in Stealth
  2631 | D:2      | Found a snail-covered altar of Cheibriados.
  2631 | D:2      | Found an ornate altar of the Wu Jian Council.
  2780 | D:3      | Found a radiant altar of Vehumet.
  3306 | D:3      | Reached XP level 4. HP: 21/21 MP: 2/9
  3386 | D:3      | Noticed valenzione's ghost (weakling GrFi)
  3407 | D:2      | Learned a level 3 spell: Confuse
  3986 | D:3      | Found a faded altar of an unknown god.
  4047 | D:3      | Killed valenzione's ghost
  4047 | D:3      | Reached skill level 5 in Dodging
  4047 | D:3      | Reached skill level 7 in Stealth
  4047 | D:3      | Reached XP level 5. HP: 15/24 MP: 2/10
  4290 | D:3      | Found a basalt altar of Yredelemnul.
  4532 | D:4      | HP: 1/24 [poisoned by a scorpion]
  4533 | D:4      | Reached skill level 14 in Stealth
  4533 | D:4      | Reached skill level 10 in Spellcasting
  4533 | D:4      | Reached XP level 6. HP: 2/28 MP: 6/20
  4534 | D:4      | Succumbed to a scorpion's poison

Vault maps used:
D:1:      onia_arrival_pyramid, nrook_mini_backslash
D:2:      minitemple, okawaru_ov_weapons_minmay
D:3:      vehumet_crystals, lemuel_zombie_altar_yredelemnul,
          chequers_ecumenical_altar_lobes, first_bread
D:4:      kennysheep_mini_moat, chequers_temple_overflow_statue_of_worship,
          minmay_temple_entry_trees, serial_shops, shop, uniq_crazy_yiuf_cottage

Skill      XL: |  1  2  3  4  5 |
---------------+----------------+-----
Stealth        | 5 6 7 14 | 14.4
Dodging        | 4 5 |  5.3
Spellcasting   | 10 | 10.4
Short Blades   | |  1.1
Hexes          | |  3.6

Action                   |  1- 3 |  4- 6 || total
-------------------------+-------+-------++-------
Melee: Dagger            |   236 |    88 ||   324
 Cast: Ensorcelled Hiber |    35 |    11 ||    46
       Confuse           |       |     6 ||     6
  Use: Scroll            |     3 |       ||     3
       Potion            |       |     3 ||     3
 Stab: Sleeping          |    27 |    11 ||    38
       Confused          |       |     3 ||     3
  Eat: Bread ration      |     1 |       ||     1
Armor: Robe              |    36 |     5 ||    41
Dodge: Dodged            |   189 |    65 ||   254
